[Event "SixDays Budapest March GM-A 2023"]
[Site "Budapest"]
[Date "2023.03.28"]
[Round "8.1"]
[White "Rosh Jain"]
[Black "Pap, Misa"]
[Result "0-1"]
[ECO "C60"]
[WhiteElo "2325"]
[BlackElo "2403"]
[Annotator "TA"]
[PlyCount "172"]
[EventDate "2023.03.24"]
[EventType "tourn"]
[EventCountry "HUN"]
[SourceTitle "playchess.com"]
[Source "ChessBase"]
[SourceQuality "1"]
[TimeControl "5400+30"]

1. e4 e5 2. Nf3 Nc6 3. Bb5 g6 4. O-O Bg7 5. c3 a6 6. Ba4 {[%emt 0:00:05] C60: Ruy Lopez: Unusual Black 3rd moves and 3...g6.} Nge7 {[%emt 0:00:11] 6...b5 is setting a new trend.} 7. h3 b5 8. Bb3 {[%emt 0:00:09] White has an edge.} O-O 9. d4 exd4 10. cxd4 d5 11. exd5 ({Better is} 11. e5 $1 $14) 11... Nxd5 $11 {[%emt 0:00:06] [#]} 12. Bg5 $146 ({Predecessor:} 12. Nc3 Nxc3 13. bxc3 Na5 14. Re1 Nxb3 15. axb3 c5 16. Ba3 b4 17. cxb4 cxd4 18. b5 {½-½ Ruppert,W (2124)-Hohner,K (1952) Wiesbaden op 24th 2012 (2)}) 12... Qd6 13. Bxd5 Qxd5 14. Nc3 Qf5 {[%emt 0:07:07][%cal Oc6d4] Threatens to win with ...Nxd4!} 15. Qd2 Bb7 16. Rfe1 (16. Bh6 $5) 16... Rfe8 17. Rxe8+ Rxe8 18. Re1 (18. Bh6 $1 $15) 18... Rxe1+ $17 {[%emt 0:00:28][%mdl 64] Deflection} 19. Qxe1 Nxd4 {[%emt 0:06:11] Black is more active.} ({Weaker is} 19... Bxd4 20. Nxd4 (20. Qe8+ Kg7 $17) 20... Nxd4 21. Qe7 $15) 20. Qe8+ Bf8 {[%emt 0:00:05] This pair of bishops is nice.} 21. Be7 Nxf3+ 22. gxf3 Qc8 23. Qxc8 Bxc8 {[%emt 0:00:09][%mdl 4096] Endgame KBB-KBN} 24. Nd5 Bg7 ({Worse is} 24... Bxh3 25. Nf6+ Kg7 26. Ne8+ Kg8 27. Nf6+ Kg7 28. Ne8+ Kg8 29. Nf6+ $11) 25. Nf6+ Bxf6 26. Bxf6 Bxh3 {[%emt 0:00:05] KB-KB} 27. Kh2 Be6 28. a3 Kf8 29. Be5 c6 30. b4 $2 (30. Kg3) 30... Ke7 $19 31. Kg3 f6 32. Bd4 Bd5 33. f4 Ke6 34. Kg4 h5+ 35. Kg3 Kf5 (35... Be4 $19 {and Black stays clearly on top. White must now prevent ...Kd5.} 36. f3 Bd3) 36. Bb2 $2 {[%emt 0:01:13][%mdl 8192] [#] Now White is beyond hope.} (36. Bc5 $17) 36... g5 $1 37. fxg5 fxg5 {[%emt 0:00:04] ...h4+ would be deadly.} 38. Bc1 $2 (38. f3 h4+ 39. Kf2) 38... h4+ 39. Kh3 Bf3 40. Be3 Kg6 {[%emt 0:00:02] aiming for ...Kh5.} 41. Bb6 Kh5 42. Bd8 g4+ (42... Be2 $142 43. Kh2 Kg4) 43. Kh2 h3 44. Bc7 Kg5 45. Kg1 Be2 46. f3 gxf3 {[%emt 0:01:43] ( -> ...Kf5)} (46... Bxf3 47. Kh2 Kf6 48. Kg3) 47. Kf2 Kf5 48. Ke3 Ke6 49. Kd2 Kd5 50. Ke1 Kc4 51. Kf2 Kb3 52. Kg1 Kxa3 53. Bd6 Kb3 54. Bc5 {[%emt 0:00:06] [#]} h2+ $1 55. Kxh2 {[%emt 0:00:04] [#]} f2 $1 56. Bxf2 Kxb4 57. Kg3 c5 58. Kf4 c4 59. Ke3 Bd3 60. Kd2 Kb3 61. Bd4 a5 62. Kc1 a4 63. Ba1 c3 64. Kd1 b4 65. Kc1 a3 66. Kd1 Kc4 67. Kc1 b3 68. Kd1 b2 69. Bxb2 axb2 70. Ke1 Bg6 71. Ke2 c2 72. Kd2 c1=B+ 73. Ke2 b1=B 74. Kd1 Bf4 75. Ke2 Bh5+ 76. Kf2 Kd3 77. Kg2 Bg4 78. Kf2 Kd2 79. Kg2 Ke2 80. Kg1 Bbf5 81. Kg2 Bh3+ 82. Kg1 Kf3 83. Kh1 Kg3 84. Kg1 Bfg4 85. Kh1 Bf3+ 86. Kg1 Be3# {Weighted Error Value: White=0.59/Black=0.07 (flawless)} 0-1

[Event "SixDays Budapest March GM-A 2023"]
[Site "Budapest"]
[Date "2023.03.28"]
[Round "8.2"]
[White "Horvath, Adam"]
[Black "Arfan, Aditya Bagus"]
[Result "1-0"]
[ECO "B18"]
[WhiteElo "2458"]
[BlackElo "2374"]
[Annotator "TA"]
[PlyCount "51"]
[EventDate "2023.03.24"]
[EventType "tourn"]
[EventCountry "HUN"]
[SourceTitle "playchess.com"]
[Source "ChessBase"]
[SourceQuality "1"]
[TimeControl "5400+30"]

1. e4 c6 2. d4 d5 3. Nc3 dxe4 4. Nxe4 Bf5 5. Ng3 Bg6 6. c3 e6 7. Nh3 Bd6 8. Nf4 Nf6 9. h4 {[%emt 0:12:33][%cal Bh2h4,Bh4h5,Bh5h6][%mdl 32] B18: Classical Caro-Kann: 4...Bf5 sidelines.} Qc7 10. Qf3 Nbd7 11. h5 {[%emt 0:00:11] White has an edge.} Bc2 12. h6 g6 {[%emt 0:01:33] Prevents Nfh5.} 13. Bd3 Bxd3 14. Nxd3 O-O (14... Qa5 $11) 15. Bg5 Be7 16. O-O {[%emt 0:02:39] [#]} a5 $146 ({Predecessor:} 16... Qd8 17. Rad1 Nd5 18. Bxe7 Qxe7 19. c4 N5b6 20. b3 Qh4 21. Nc5 Rab8 22. a4 Nf6 {½-½ Rozentalis,E (2519)-Pultinevicius,P (2395) Baltic zt II Stage 2018 (3)}) 17. Rfe1 a4 18. c4 {[%emt 0:09:41] White is much more active.} Rfe8 (18... Rfc8 $16) 19. Ne5 $18 Qd8 20. Rad1 {[%emt 0:07:18] Hoping for Ne4.} Ra5 $2 (20... a3 {was necessary.}) 21. Ne4 Rf8 $2 {[%emt 0:01:21] [#]} (21... Rxe5 22. dxe5 Nxe4) 22. Nc5 $1 Nxe5 (22... Qe8 23. Nxb7) 23. dxe5 Qc7 24. Nd7 ({Weaker is} 24. exf6 Bxc5 25. Bf4 Qb6 $11) (24. Nxe6 fxe6 25. Bxf6 Bxf6 26. exf6 Rf5 $14) 24... Nxd7 25. Bxe7 {[%emt 0:00:05] Rxd7 would kill now.} Re8 {[%emt 0:02:07] [#] Black is weak on the dark squares} 26. Rxd7 $1 {[%emt 0:00:08][%mdl 576] Remove Defender, Deflection.   Weighted Error Value: White=0.04 (flawless) /Black=0.99} 1-0

[Event "SixDays Budapest March GM-A 2023"]
[Site "Budapest"]
[Date "2023.03.28"]
[Round "8.3"]
[White "Kushagra Mohan"]
[Black "Sammed Jaykumar, Shete"]
[Result "1/2-1/2"]
[ECO "B94"]
[WhiteElo "2396"]
[BlackElo "2454"]
[Annotator "TA"]
[PlyCount "41"]
[EventDate "2023.03.24"]
[EventType "tourn"]
[EventCountry "HUN"]
[SourceTitle "playchess.com"]
[Source "ChessBase"]
[SourceQuality "1"]
[TimeControl "5400+30"]

1. e4 c5 2. Nf3 d6 3. d4 cxd4 4. Nxd4 Nf6 5. Nc3 a6 6. Bg5 Nbd7 7. Bc4 g6 8. f3 {[%emt 0:07:38] B94: Sicilian Najdorf: 6 Bg5 Nbd7.} Bg7 9. Qd2 h6 10. Be3 Qc7 11. Be2 Ne5 (11... b5 $11 {remains equal.}) 12. O-O Nc4 13. Bxc4 Qxc4 {[%emt 0:00:06] [#]   Weighted Error Value: White=0.13 (very precise) /Black=0.17 (very precise)} {Predecessor:} 14. Rad1 $146 Bd7 15. b3 Qc7 16. Nd5 Nxd5 17. exd5 O-O-O 18. c4 e5 19. dxe6 fxe6 20. Rc1 Bxd4 21. Bxd4 {½-½ Wade,R-Mardle,D BCF-ch 45th Leamington 1958 (1)} 1/2-1/2

[Event "SixDays Budapest March GM-A 2023"]
[Site "Budapest"]
[Date "2023.03.28"]
[Round "8.4"]
[White "Leszko, Bence"]
[Black "Bodi, Tibor"]
[Result "0-1"]
[ECO "A87"]
[WhiteElo "2283"]
[BlackElo "2356"]
[Annotator "TA"]
[PlyCount "158"]
[EventDate "2023.03.24"]
[EventType "tourn"]
[EventCountry "HUN"]
[SourceTitle "playchess.com"]
[Source "ChessBase"]
[SourceQuality "1"]
[TimeControl "5400+30"]

1. Nf3 f5 2. d4 Nf6 3. c4 g6 4. g3 Bg7 5. Bg2 O-O 6. O-O d6 7. Nc3 Qe8 8. d5 Na6 $1 {[%emt 0:01:02] 8...Na6 scores better than 8...a5.} 9. Qc2 Bd7 {[%emt 0:00:23] A87: Dutch Defence: Leningrad System: 5 Nf3.} 10. e4 {[%emt 0:07:14] [#]} e5 $146 ({Predecessor:} 10... fxe4 11. Ng5 c6 12. dxc6 bxc6 13. Ngxe4 Rb8 14. Be3 Nb4 15. Qd2 c5 16. Rae1 Nxe4 17. Bxe4 {1-0 Guerrero,A (2112)-Fernandez Rodriguez,A (1832) Montevideo Duchamp Cup 1st 2017 (5)}) 11. dxe6 Bxe6 {[%emt 0:00:48] White is slightly better.} 12. Re1 Nb4 13. Qd2 (13. Qe2 $1 $14) 13... Qd7 $1 $11 14. Nd5 {[%emt 0:34:25] Nxf6+ is the strong threat.} fxe4 15. Qxb4 exf3 16. Bxf3 Nxd5 17. cxd5 (17. Bxd5 $15 Bxd5 18. cxd5) 17... Bh3 $17 18. Bh1 {[%emt 0:00:19] [#]} a5 $1 19. Qh4 Rae8 (19... Qf5 $142 20. Bf4 Bf6) 20. Be3 (20. Rxe8 $17 Rxe8 21. Be3) 20... Bxb2 $19 21. Rab1 {[%emt 0:00:06] [#]} Bf6 (21... Bc3 $1 $19 22. Red1 Qf5) 22. Qc4 $17 b6 23. Rbc1 Qf5 24. Qc2 {[%emt 0:01:44] Repels Bb2} Bd8 {[%emt 0:02:27] Black is more active.} (24... Re7 $142 25. Qxf5 Bxf5) 25. Qxf5 Rxf5 26. Bf4 Rxe1+ 27. Rxe1 g5 28. Be3 Re5 29. Rc1 Bf5 30. Rc4 g4 31. Bg2 h5 32. h4 gxh3 33. Bf3 Bg6 (33... b5 $19 34. Rc6 Bg4) 34. Kh2 Bb1 35. a3 b5 36. Rd4 (36. Rc6 $17 {was called for.}) 36... Bf6 $19 {[%emt 0:00:39][%cal Oe5e3] White must now prevent ...Rxe3!} 37. Rd2 Be4 (37... b4 $142 38. axb4 axb4) 38. Bxe4 $2 (38. Be2 {was the only chance.}) 38... Rxe4 {[%emt 0:00:02][%mdl 4096] Endgame KRB-KRB} 39. Rc2 $2 (39. Rd3) 39... b4 40. axb4 axb4 41. Rxc7 b3 42. Bc1 b2 43. Bxb2 Bxb2 {[%emt 0:00:02] KRB-KR} 44. Rd7 Ba3 {[%emt 0:00:17] Hoping for ...Re2.} 45. Kxh3 Rd4 46. f4 (46. Re7 {keeps fighting.}) 46... Rxd5 47. g4 hxg4+ 48. Kxg4 Kf8 49. f5 Re5 {[%emt 0:00:57] ( -> ...Re7)} 50. Kg5 Re7 {[%emt 0:00:17] Against Rh7. Black mates.} 51. Rd8+ Kf7 52. Kg4 Re4+ 53. Kg5 Bc1+ 54. Kh5 Rd4 55. Rc8 Bd2 56. Rd8 Bf4 57. Kg4 Be5+ 58. Kf3 Rf4+ 59. Ke3 Rxf5 60. Ke4 Rf4+ 61. Kd5 Rd4+ 62. Kc6 Rc4+ 63. Kd5 Rc5+ 64. Ke4 Ke7 65. Ra8 Bf6 66. Rb8 Ke6 67. Re8+ Be7 68. Kd4 Rf5 69. Ra8 Rf4+ 70. Ke3 Rh4 71. Re8 d5 72. Kd3 Kd6 73. Ra8 Rh3+ 74. Ke2 Bf6 75. Rf8 Ke5 76. Ra8 Ke4 77. Kd1 Kd3 78. Ke1 Rh1+ 79. Kf2 Bc3 {[%emt 0:00:08] Weighted Error Value: White=0.61/Black=0.23 (precise)} 0-1

[Event "SixDays Budapest March GM-A 2023"]
[Site "Budapest"]
[Date "2023.03.28"]
[Round "8.5"]
[White "Berczes, David"]
[Black "Pfreundt, Jakob"]
[Result "1/2-1/2"]
[ECO "D02"]
[WhiteElo "2427"]
[BlackElo "2407"]
[Annotator "TA"]
[PlyCount "19"]
[EventDate "2023.03.24"]
[EventType "tourn"]
[EventCountry "HUN"]
[SourceTitle "playchess.com"]
[Source "ChessBase"]
[SourceQuality "1"]
[TimeControl "5400+30"]

1. Nf3 d5 2. d4 Nf6 3. Bf4 e6 4. e3 Bd6 5. Bxd6 cxd6 {[%emt 0:00:15] The position is equal.} 6. c4 {[%emt 0:03:03] D02: 1 d4 d5 2 Nf3 sidelines, including 2...Nf6 3 g3 and 2...Nf6 3 Bf4.} Bd7 7. Nbd2 dxc4 8. Bxc4 Bc6 9. O-O O-O {[%emt 0:00:13] [#]} 10. b4 $146 {[%emt 0:11:24] An uneventful encounter.   Weighted Error Value: White=0.07 (flawless) /Black=0.05 (flawless)} ({Predecessor:} 10. a3 a5 11. b4 b5 12. Bd3 axb4 13. axb4 Rxa1 14. Qxa1 Qb6 15. Rc1 Nd5 16. Qb1 {½-½ Goehler,A (2097)-Richter,U (1852) BL2 Ost 1617 (Women) 2016 (3.3)}) 1/2-1/2

[Event "SixDays Budapest March GM-A 2023"]
[Site "Budapest"]
[Date "2023.03.29"]
[Round "9.1"]
[White "Pfreundt, Jakob"]
[Black "Rosh Jain"]
[Result "1-0"]
[ECO "A18"]
[WhiteElo "2407"]
[BlackElo "2325"]
[Annotator "TA"]
[PlyCount "91"]
[EventDate "2023.03.24"]
[EventType "tourn"]
[EventCountry "HUN"]
[SourceTitle "playchess.com"]
[Source "ChessBase"]
[SourceQuality "1"]
[TimeControl "5400+30"]

1. c4 Nf6 2. Nc3 e6 3. e4 d5 4. e5 Ne4 5. Nf3 c5 6. Qc2 {[%emt 0:06:56] A18: English Opening: Flohr-Mikenas System (1 c4 Nf6 2 Nc3 e6 3 e4).} Nxc3 7. dxc3 Nc6 8. Bf4 {[%emt 0:01:37] White has an edge.} dxc4 9. Bxc4 Be7 {[%emt 0:03:19] [#]} 10. h4 $146 {[%emt 0:01:38] White is more active.} ({Predecessor:} 10. Bd3 h6 11. O-O-O Qa5 12. Kb1 b5 13. h4 Rb8 14. Rh3 b4 15. Bd2 Qc7 16. Rg3 {1-0 Labussiere,V (2087)-Silva,K (1910) Caioba Telecom op 2018 (5)}) 10... h6 11. Rh3 Qb6 (11... Qc7 $14 {deserves consideration.}) 12. Rg3 $16 g5 13. hxg5 hxg5 14. Bxg5 Rh1+ 15. Bf1 Bd7 16. O-O-O O-O-O 17. Nd2 {[%emt 0:05:40][%cal Bf3d2,Bd2c4,Bc4d6][%mdl 32] Black must now prevent Nc4.} Rg8 $2 {[%emt 0:10:05] Black cannot hold the game after this.} (17... Qa5 $16 {is a better defense.}) 18. Nc4 $18 Qc7 19. Bxe7 Nxe7 20. Rxg8+ Nxg8 21. Nd6+ Kb8 22. Be2 ({Don't take} 22. Nxf7 Ne7 23. Bc4 Rxd1+ 24. Qxd1 b5) 22... Rxd1+ 23. Bxd1 {[%emt 0:01:29] Qh7 is the strong threat.} f5 24. Bf3 Bc6 $2 (24... b6 {was worth a try.} 25. g4 fxg4) 25. Bxc6 Qxc6 {[%emt 0:00:08][%mdl 4096] Endgame KQN-KQN} 26. Qb3 Qd7 27. Nxf5 Ne7 28. Nxe7 Qxe7 {[%emt 0:00:04] KQ-KQ} 29. Qd1 {[%emt 0:00:14] [#] Strongly threatening Qd6+.} Kc8 30. f4 {[%emt 0:02:00] Prevents Qg5} Qh4 31. Qf3 Qh1+ 32. Kc2 {[%emt 0:00:08] And now Qh3 would win.} c4 (32... Kc7 $142 33. a3 c4) 33. f5 {[%emt 0:01:08] [#] f6 would be deadly.} exf5 $2 (33... Qh7 34. g4 Qh2+ 35. Kd1 exf5 36. Qxf5+ Kd8 37. Qf8+ Kc7 38. Qe7+ Kc8 39. Qe8+ Kc7 40. Qf7+ Kd8 41. Qxb7 Qg1+ 42. Ke2 Qh2+ 43. Ke3 Qxe5+ 44. Qe4 Qb5 45. Qa8+ Ke7 46. Qxa7+ Ke6) 34. Qxf5+ Kb8 35. Qf8+ Kc7 36. Qe7+ Kc8 37. Qe6+ Kb8 38. Qg8+ Kc7 39. Qxc4+ Kb8 40. Qg8+ Kc7 41. Qf7+ Kb8 42. Qf8+ Kc7 43. Qd6+ Kc8 44. Qc5+ Kb8 45. Qd5 Qf1 46. Qc6 $4 {[%mdl 40960] Artfully played by Pfreundt.   Weighted Error Value: White=0.24 (precise) /Black=0.79. Loss on time!?} 1-0

[Event "SixDays Budapest March GM-A 2023"]
[Site "Budapest"]
[Date "2023.03.29"]
[Round "9.2"]
[White "Bodi, Tibor"]
[Black "Berczes, David"]
[Result "1/2-1/2"]
[ECO "A05"]
[WhiteElo "2356"]
[BlackElo "2427"]
[Annotator "TA"]
[PlyCount "35"]
[EventDate "2023.03.24"]
[EventType "tourn"]
[EventCountry "HUN"]
[SourceTitle "playchess.com"]
[Source "ChessBase"]
[SourceQuality "1"]
[TimeControl "5400+30"]

1. Nf3 Nf6 2. d4 e6 3. Bf4 d5 4. e3 Bd6 5. Bg3 O-O 6. Nbd2 {[%emt 0:00:04] The position is equal.} c5 {[%emt 0:00:07] D02: 1 d4 d5 2 Nf3 sidelines, including 2...Nf6 3 g3 and 2...Nf6 3 Bf4.} 7. c3 b6 8. Bd3 Ba6 9. Bxa6 Nxa6 10. O-O Bxg3 11. hxg3 Nc7 {[%emt 0:00:25] [#] An uneventful encounter.   Weighted Error Value: White=0.09 (flawless) /Black=0.07 (flawless)} {Predecessor:} 12. Ne5 $146 c4 13. f4 b5 14. g4 Ne4 15. a4 a6 16. g5 f6 17. gxf6 gxf6 18. Qg4+ {0-1 Avila Pavas,S (2373)-Sarkar,J (2356) Titled Tuesday intern op 15th June blitz 2021 (2)} 1/2-1/2

[Event "SixDays Budapest March GM-A 2023"]
[Site "Budapest"]
[Date "2023.03.29"]
[Round "9.3"]
[White "Sammed Jaykumar, Shete"]
[Black "Leszko, Bence"]
[Result "1-0"]
[ECO "D02"]
[WhiteElo "2454"]
[BlackElo "2283"]
[Annotator "TA"]
[PlyCount "89"]
[EventDate "2023.03.24"]
[EventType "tourn"]
[EventCountry "HUN"]
[SourceTitle "playchess.com"]
[Source "ChessBase"]
[SourceQuality "1"]
[TimeControl "5400+30"]

1. d4 d5 2. Nf3 Nf6 3. c3 e6 4. Bf4 Bd6 5. e3 O-O 6. Nbd2 {[%emt 0:00:13] D02: 1 d4 d5 2 Nf3 sidelines, including 2...Nf6 3 g3 and 2...Nf6 3 Bf4.} c5 7. Bg3 Qc7 8. Ne5 {[%emt 0:05:34] The position is equal.} b6 9. Bd3 Ba6 10. Bc2 Nfd7 11. f4 f5 (11... Nc6 {is interesting.} 12. Kf2 f6 13. Qh5 f5) 12. Bh4 {[%emt 0:00:25] [#]} Nxe5 $146 (12... Nf6 $15) ({Predecessor:} 12... Nc6 13. g4 Ndxe5 14. fxe5 Be7 15. Bf2 cxd4 16. exd4 Nxe5 17. gxf5 exf5 18. Bg3 f4 {1-0 Duda,J (2757)-Le,T (2501) Speed Chess Invitational blitz 2020 (1.9)}) 13. fxe5 (13. dxe5 $14 Be7 14. Bxe7 Qxe7 15. Qf3) 13... Be7 $11 14. Qh5 {[%emt 0:00:14] [#]} (14. Bxe7 $11 {was the only way to keep the balance.} Qxe7 15. Qh5) 14... Nc6 (14... g6 $1 $17 15. Qh6 Bxh4+ 16. Qxh4 f4) 15. Bxe7 Qxe7 16. Nf3 g6 17. Qh6 Qg7 (17... f4 $5 ) 18. Qf4 Rac8 19. Rc1 cxd4 20. exd4 Na5 21. h4 {[%emt 0:00:57][%cal Bh2h4,Bh4h5][%mdl 32] Threatens to win with h5.} Nc4 (21... h6 $1 $14) 22. Bd3 $18 Bb7 {[%emt 0:00:37] [#]} (22... Bb5 $142 23. h5 Rce8) 23. b3 $1 Na5 (23... h6 {was necessary.} 24. bxc4 dxc4) 24. h5 Rc7 25. Ng5 Bc8 26. Nf3 $2 (26. Rh3 $18) 26... Kh8 $2 (26... Bb7 $1 $11) 27. Rh3 {[%emt 0:02:16] And now Ng5 would win.} gxh5 $2 (27... g5 28. Nxg5 (28. Qxg5 Qxg5 29. Nxg5 Rg8 $11) 28... Rg8) 28. Rxh5 Rg8 (28... Qxg2 $2 29. Rc2 Qg4 30. Qxg4 fxg4 31. Ng5) 29. Ng5 Qg6 30. g4 Rcg7 31. Kd2 {[%emt 0:03:09] aiming for Rch1.} Qxh5 32. gxh5 Rxg5 33. Be2 h6 34. c4 dxc4 35. bxc4 ({Not} 35. Bxc4 Nxc4+ 36. Rxc4 (36. bxc4 Rg2+ 37. Ke1 Kh7 $19) 36... Bb7 $14) 35... Kh7 36. Bf3 {[%emt 0:01:26] Repels Rg2+} Bb7 $2 (36... Ba6 37. d5 Rc8) 37. d5 Rd8 $2 (37... R8g7 {might work better.} 38. Rc3 Rc7 39. dxe6 Bxf3) 38. Ke3 Bc8 (38... Rdg8 $142 39. Kf2 R8g7 40. dxe6 Bxf3 41. Qxf3 Nb7) 39. dxe6 Bxe6 {[%emt 0:00:06] [#]} 40. Bd5 $1 Re8 (40... Rg4 41. Qf3) 41. Kf2 {[%emt 0:03:02] Rg1 would be deadly.} Rg4 {[%emt 0:02:41] Inhibits Rg1.} 42. Qf3 {[%emt 0:00:21] Intending Bxe6 and mate.} Rg5 43. Rg1 {[%emt 0:02:42] White threatens Rxg5 and mate.} Rxg1 44. Kxg1 {[%emt 0:00:10] White wants to mate with Bxe6.} Bxd5 45. Qxf5+ {[%emt 0:00:08] Weighted Error Value: White=0.33/Black=0.74} 1-0

[Event "SixDays Budapest March GM-A 2023"]
[Site "Budapest"]
[Date "2023.03.29"]
[Round "9.4"]
[White "Arfan, Aditya Bagus"]
[Black "Kushagra Mohan"]
[Result "0-1"]
[ECO "A05"]
[WhiteElo "2374"]
[BlackElo "2396"]
[Annotator "TA"]
[PlyCount "148"]
[EventDate "2023.03.24"]
[EventType "tourn"]
[EventCountry "HUN"]
[SourceTitle "playchess.com"]
[Source "ChessBase"]
[SourceQuality "1"]
[TimeControl "5400+30"]

1. Nf3 Nf6 2. c4 g6 3. b3 Bg7 4. Bb2 O-O 5. g3 d6 6. Bg2 e5 7. d3 a5 {[%emt 0:00:13] A15: English Opening: 1...Nf6.} 8. O-O Na6 9. Nc3 Re8 {[%emt 0:00:58] The position is equal.} 10. e3 c6 11. Rc1 {[%emt 0:03:52] [#]} Rb8 $146 ({Predecessor:} 11... Bf5 12. Qd2 Nb4 13. e4 Bg4 14. h3 Bxf3 15. Bxf3 h5 16. Rcd1 h4 17. Bc1 Nd7 {0-1 Ikeda,J (2349)-Brandenburg,D (2538) Dieren op 2011 (6)}) 12. Qe2 Bg4 13. h3 Bd7 14. Rfd1 b5 15. Ne4 Nxe4 16. dxe4 {[%emt 0:00:11] Strongly threatening cxb5.} Bf8 {[%emt 0:00:18] [#]} 17. c5 $1 f6 (17... dxc5 $2 18. Nxe5 (18. Bxe5 Rb7 $16) 18... Rb7 19. Qf3 Rxe5 20. Bxe5 $18) (17... Nxc5 18. Rxc5) 18. cxd6 Re6 19. Nh4 ({Much weaker is} 19. Ba3 Nb4 $11) 19... Rxd6 20. f4 Rxd1+ 21. Rxd1 {[%emt 0:00:01] Hoping for Qd2.} Qc7 22. Nf3 Bg7 $1 23. Qd2 Nc5 24. Ba3 (24. b4 $16 Na4 25. Qxd7 Qxd7 26. Rxd7 Nxb2 27. bxa5) 24... b4 $11 25. Bb2 Rd8 (25... Be6 $11 {keeps the balance.}) 26. Qc2 Ne6 27. Qc4 (27. f5 $5 Nf8 28. g4 $14) 27... Kh8 28. f5 (28. fxe5 $14 fxe5 29. Kh2) 28... Nf8 29. Qf7 Qc8 30. g4 Be8 31. Rxd8 Qxd8 32. Qc4 g5 33. Qc5 h5 34. Kf2 h4 ({Better is} 34... Qd3 $11) 35. Bf1 $1 $14 Kh7 36. Ke1 Nd7 37. Qxc6 {[%emt 0:02:18] Black is weak on the light squares} Nb6 ({Black should play} 37... Qb6 $14 38. Qxb6 Nxb6) 38. Qe6 (38. Qc5 $1 $16 ) 38... a4 39. Bc1 a3 40. Bd2 Bf8 41. Ba6 Kg7 42. Nxe5 fxe5 43. Qxe5+ Kh7 44. Qe6 {[%emt 0:00:33] e5 is the strong threat.} Nd7 (44... Qb8 $11) 45. Bc4 (45. Bb5 $1 $14) 45... Qe7 $11 {[%emt 0:00:32] Threatens to win with ...Qxe6.} 46. Qg8+ Kh6 {[%emt 0:00:19] White must now prevent ...Bg7.} 47. Ke2 {[%emt 0:01:00][%cal Od2b4] And now Bxb4! would win.} Bg7 {[%emt 0:02:51] Prevents Bxb4.} (47... Nf6 $5 48. Qh8+ $8 Nh7 $11) 48. Qe6+ {[%emt 0:00:26][%mdl 8192] This costs White the game.} (48. Bxb4 $1 $11 {and White is okay.} Qxe4 49. Qe6+ (49. Bxa3 $2 {is the wrong capture.} Qc2+ 50. Kf1 Qb1+ 51. Ke2 Qxa2+ 52. Kd1 Nf6 $19) 49... Qxe6 50. fxe6 (50. Bxe6 Bb2 $11)) 48... Qxe6 $19 49. fxe6 Ne5 50. Bxb4 {[%emt 0:00:40] [#]} Nxc4 51. bxc4 {[%emt 0:00:01] [#]} Bb2 52. e5 $2 (52. Ba5 {was the crucial defense.}) 52... Kg6 53. Kd3 Bc6 {[%emt 0:00:40] aiming for ...Bg2.} 54. e4 Bxe5 55. Bxa3 Kf6 {[%emt 0:00:05] Repels Be7+} 56. e7 Kf7 57. Bc5 Bf6 58. Be3 Bxe7 ({Stronger than} 58... Kxe7 59. e5 $17) 59. Bb6 Ke6 60. Ke3 Bd6 61. Bd8 (61. Kf3 $142 Bf4 62. Bd4) 61... Bf4+ 62. Kf3 (62. Kd3 $142 Bd7 63. Ba5) 62... Ke5 {[%emt 0:02:19] ...Kd4 would be deadly.} 63. Bc7+ Kd4 {[%emt 0:00:01][%mdl 64] Discovered Attack} 64. Bxf4 Bxe4+ (64... gxf4 $2 65. Kxf4 Bxe4 66. g5 $16) 65. Kf2 gxf4 66. a4 Kxc4 {[%emt 0:00:11][%mdl 4096] Endgame KB-K3P} 67. a5 Kd4 68. a6 Bd5 69. a7 Ke4 70. Ke2 f3+ 71. Kd2 Kf4 {[%emt 0:00:05] ( -> ...f2)} 72. g5 Kxg5 73. Ke3 Bb7 (73... Ba8 $142 74. Kd2 Kf4 75. Kd1 f2 76. Ke2 Kg3 77. Ke3 f1=Q 78. Kd4 Qb5 79. Kc3 Kf4 80. Kd4 Qb4+ 81. Kd3 Be4+ 82. Ke2 Qb2+ 83. Kf1 Kf3 84. Kg1 Qg2#) 74. Kf2 Kf4 {[%emt 0:00:01] Weighted Error Value: White=0.28 (precise) /Black=0.11 (very precise)} 0-1

[Event "SixDays Budapest March GM-A 2023"]
[Site "Budapest"]
[Date "2023.03.29"]
[Round "9.5"]
[White "Pap, Misa"]
[Black "Horvath, Adam"]
[Result "1/2-1/2"]
[ECO "C01"]
[WhiteElo "2403"]
[BlackElo "2458"]
[Annotator "TA"]
[PlyCount "41"]
[EventDate "2023.03.24"]
[EventType "tourn"]
[EventCountry "HUN"]
[SourceTitle "playchess.com"]
[Source "ChessBase"]
[SourceQuality "1"]
[TimeControl "5400+30"]

1. e4 e6 2. d4 d5 3. exd5 exd5 4. Bd3 Bd6 5. Nf3 Nf6 6. O-O O-O 7. Bg5 Bg4 8. Nbd2 Nbd7 9. c3 c6 {[%emt 0:00:07] The position is equal.} 10. Bh4 {[%emt 0:00:08] C01: French: Exchange Variation.} Re8 11. Qc2 Qc7 12. Bg3 Bxg3 13. hxg3 Re7 14. Rae1 Rae8 15. Rxe7 Rxe7 16. Re1 Rxe1+ 17. Nxe1 {[%emt 0:00:07] [#]} Qd6 $146 ({Predecessor:} 17... Bh5 18. Nef3 Bg6 19. Nh4 Nf8 20. Nxg6 Nxg6 21. Nf3 Qe7 {½-½ Matikozian,A (2457)-Kavutskiy,K (2303) Los Angeles Metropolitan 12th 2011 (2)}) 18. Nef3 Bh5 19. Qc1 Qe6 20. Qe1 Qxe1+ 21. Nxe1 {[%emt 0:00:10] An uneventful encounter.   Weighted Error Value: White=0.03 (flawless) /Black=0.02 (flawless)} 1/2-1/2